 Dungeon Crawl Stone Soup version 0.25.1-1-g288607f5aa (webtiles) character file.

Game seed: 6723687396045575846

203 Descartes the Chucker (level 5, -4/48 HPs)
             Began as a Troll Hunter on July 22, 2020.
             Slain by Sigmund
             ... wielding a +0 scythe
              (7 damage)
             ... on level 3 of the Dungeon.
             The game lasted 00:03:51 (1830 turns).

Descartes the Chucker (Troll Hunter)                Turns: 1830, Time: 00:03:52

Health: -4/48      AC:  6    Str: 21    XL:     5   Next: 51%
Magic:  4/4        EV:  6    Int:  7    God:
Gold:   176        SH:  0    Dex: 10    Spells: 4/4 levels left

rFire    . . .     SeeInvis .     - Unarmed
rCold    . . .     Gourm    +   n - +0 tower shield (curse)
rNeg     . . .     Faith    .   b - +0 robe
rPois    .         Spirit   .   (helmet restricted)
rElec    .         Reflect  .   (no cloak)
rCorr    .         Harm     .   (gloves unavailable)
MR       .....                  (boots unavailable)
Stlth    +.........             (no amulet)
HPRegen  0.56/turn              (no ring)
MPRegen  0.09/turn              (no ring)

@: confused
A: large, unfitting armour, claws 3, fast metabolism 3, gourmand, regeneration
1, shaggy fur 1, tough skin 3
a: no special abilities


You were on level 3 of the Dungeon.
You were completely stuffed.

You visited 1 branch of the dungeon, and saw 3 of its levels.

You collected 176 gold pieces.

Inventory:

Missiles
 c - 5 large rocks (quivered)
 d - 2 throwing nets
 g - 34 stones
 m - 84 arrows
 r - 10 poisoned darts
 t - 3 curare-tipped darts
Armour
 b - a +0 robe (worn)
 n - a cursed +0 tower shield (worn)
Wands
 u - a wand of disintegration (20)
Scrolls
 a - 2 scrolls of identify {unknown}
 h - a scroll of remove curse {unknown}
 j - a scroll of fog {unknown}
 k - 2 scrolls of teleportation {unknown}
 o - a scroll of amnesia {unknown}
 q - a scroll of immolation {unknown}
Potions
 e - a potion of cancellation {unknown}
 i - a potion of degeneration {unknown}
 l - a potion of berserk rage {unknown}
 p - a potion of resistance {unknown}
Comestibles
 f - 4 rations


   Skills:
 - Level 1.5 Fighting
 - Level 3.6 Throwing
 - Level 2.9 Dodging
 - Level 0.3 Stealth
 + Level 1.6 Shields
 + Level 3.6 Unarmed Combat


You had 4 spell levels left.
You didn't know any spells.
Your spell library was empty.

Dungeon Overview and Level Annotations

Branches:
Dungeon (3/15)

Altars:

Annotations:
D:2 Ijyb
D:3 Sigmund


Innate Abilities, Weirdness & Mutations

You are too large for most types of armour.
You have claws for hands.
Your metabolism is lightning-fast.
You like to eat raw meat.
Your natural rate of healing is unusually fast.
You are covered in fur. (AC +1)
You have extremely tough skin. (AC +3)


Message History

You hear a zap.
A puff of flame appears from out of thin air!
The puff of flame hits you.
You miss something.
You hear a zap.
A puff of flame appears from out of thin air!
The puff of flame hits you!
* * * LOW HITPOINT WARNING * * *
You scratch something.
You hear some strange, mumbled words.
You are confused.
Something hits you.
* * * LOW HITPOINT WARNING * * *
You miss something.
You hear a zap.
A puff of flame appears from out of thin air!
The puff of flame hits you!
* * * LOW HITPOINT WARNING * * *
You're too confused to move!
Something hits you!
You die...

#.# .. ##.## .# #...# .#
#...# ##.## #...#
#...#### ####...#####
#.#....#
#........(..#####(..#
.........<..{(.(..#.#
#............@##....#
#####...#####.##.###.....
#...# #...gg #### #...#
#...... #...# #8.....8
.... #.......# ##.
#8....[8# #.......#


There were no monsters in sight!

Vanquished Creatures
  A centaur (D:2)
  An orc priest (D:3)
  An orc wizard (D:3)
  2 adders (D:2)
  A worm (D:2)
  2 leopard geckos
  2 orcs (D:3)
  A ball python (D:2)
  A giant cockroach (D:2)
  8 goblins
  4 hobgoblins
  5 kobolds
  3 quokkas (D:2)
  7 bats
  2 frilled lizards
  3 rats
44 creatures vanquished.

Notes
Turn   | Place    | Note
-------+----------+-------------------------------------------
     0 | D:1      | Descartes the Troll Hunter began the quest for the Orb.
     0 | D:1      | Reached XP level 1. HP: 19/19 MP: 0/0
     7 | D:1      | Noticed an iguana
     7 | D:1      | Noticed a redback
     8 | D:1      | Noticed a black mamba
     8 | D:1      | Noticed a five-headed hydra
   162 | D:1      | Reached skill level 1 in Unarmed Combat
   167 | D:1      | Reached XP level 2. HP: 20/27 MP: 1/1
   434 | D:2      | Noticed a centaur
   439 | D:2      | Killed a centaur
   439 | D:2      | Reached XP level 3. HP: 20/33 MP: 2/2
   439 | D:2      | Reached XP level 4. HP: 25/41 MP: 3/3
  1354 | D:3      | Reached skill level 1 in Shields
  1354 | D:3      | Reached XP level 5. HP: 35/48 MP: 4/4
  1458 | D:3      | Noticed Sigmund
  1473 | D:3      | Noticed Ijyb
  1829 | D:3      | HP: 2/48 [something/puff of flame (8)]
  1830 | D:3      | Slain by Sigmund

Illustrated notes

Levels and vault maps discovered:
D:1:      onia_arrival_zoo_common, layout_basic
D:2:      layout_basic, first_ration, kennysheep_potato
D:3:      kennysheep_the_goblin_king, layout_loops_cross,
          chequers_ecumenical_altar_simple_redux, minmay_misc_feat_tower,
          kennysheep_generic_room_8, uniq_sigmund

Skill      XL: |  1  2  3  4 |
---------------+-------------+-----
Unarmed Combat | 1 2 3 |  3.6
Dodging        | 2 |  2.9
Shields        | 1 |  1.6
Fighting       | |  1.5
Throwing       | |  3.6
Stealth        | |  0.3

Action                   |  1- 3 |  4- 6 || total
-------------------------+-------+-------++-------
Melee: Unarmed           |    37 |   116 ||   153
  Eat: Chunk             |     9 |    13 ||    22
Armor: Robe              |    19 |    51 ||    70
Dodge: Dodged            |    22 |    48 ||    70
Block: Tower shield      |       |    69 ||    69
